 Dungeon Crawl Stone Soup version 0.22-a0-776-ge6d7efa (webtiles) character file.

48 Hebeh the Firebug (level 3, -3/19 HPs)
             Began as a Deep Elf Fire Elementalist on July 18, 2018.
             Slain by a gnoll
             ... wielding a +0 whip
              (4 damage)
             ... on level 2 of the Dungeon.
             The game lasted 00:04:37 (1147 turns).

Hebeh the Firebug (Deep Elf Fire Elementalist)      Turns: 1147, Time: 00:04:37

Health: -3/19      AC:  5    Str:  5    XL:     3   Next: 50%
Magic:  0/10       EV: 13    Int: 20    God:
Gold:   54         SH:  0    Dex: 15    Spells: 8/9 levels left

rFire    . . .     SeeInvis .   e - +0 dagger
rCold    . . .     Gourm    .   (no shield)
rNeg     . . .     Faith    .   a - +0 robe
rPois    .         Spirit   .   (no helmet)
rElec    .         Reflect  .   i - +2 cloak
rCorr    .         Harm     .   (no gloves)
MR       .....                  (no boots)
Stlth    ++........             (no amulet)
HPRegen  0.06/turn              (no ring)
MPRegen  0.12/turn              (no ring)

@: no status effects
A: no striking features
a: no special abilities


You were on level 2 of the Dungeon.
You were not hungry.

You visited 1 branch of the dungeon, and saw 2 of its levels.

You collected 54 gold pieces.

Inventory:

Hand Weapons
 e - a +0 dagger (weapon)
Missiles
 b - 10 stones
 h - 14 arrows
 p - a tomahawk (quivered)
Armour
 a - a +0 robe (worn)
 i - a +2 cloak (worn)
Jewellery
 t - a cursed ring of loudness {unknown}
Scrolls
 d - a scroll of identify {unknown}
 f - 2 scrolls of remove curse {unknown}
 g - a scroll of fear {unknown}
 j - a scroll of blinking {unknown}
 l - 2 scrolls of magic mapping {unknown}
 o - a scroll of enchant weapon {unknown}
 r - 2 scrolls of enchant armour {unknown}
Potions
 k - a potion of flight {unknown}
 m - a potion of degeneration {unknown}
 n - 2 potions of magic {unknown}
 q - 2 potions of curing {unknown}
Comestibles
 c - 5 rations
 s - 2 chunks of flesh


   Skills:
 - Level 2.4 Dodging
 - Level 2.4 Stealth
 + Level 3.7 Spellcasting
 * Level 2.8 Conjurations
 + Level 3.7 Fire Magic


You had 8 spell levels left.
You knew the following spells:

 Your Spells              Type           Power        Failure   Level  Hunger
a - Flame Tongue          Conj/Fire      ###..        3%          1    None

Your spell library contained the following spells:

 Spells                   Type           Power        Failure   Level  Hunger
 Fireball                 Conj/Fire      ###.......   67%         5    ######.
 Conjure Flame            Conj/Fire      ###.....     11%         3    ###....
 Throw Flame              Conj/Fire      ###...       5%          2    ##.....
 Sticky Flame             Conj/Fire      ###.....     34%         4    ####...
 Inner Flame              Hex/Fire       ##......     19%         3    ###....


Dungeon Overview and Level Annotations

Branches:
Dungeon (2/15)

Altars:


Message History

The flame tongue hits the gnoll.
The gnoll is severely wounded.
The gnoll hits you with a whip.
* * * LOW HITPOINT WARNING * * *
A gnoll comes into view.
Casting: Flame Tongue (safe; 3% risk of failure)
Confirm with . or Enter, or press ? or * to list all spells.
You don't have enough magic to cast that spell.
The gnoll shouts!
You hit the gnoll but do no damage.
The gnoll is severely wounded.
The gnoll barely misses you. The rat bites you.
* * * LOW HITPOINT WARNING * * *
You hit the gnoll but do no damage.
The gnoll is severely wounded.
The gnoll barely misses you. The rat barely misses you.
You closely miss the gnoll.
The gnoll is severely wounded.
The gnoll hits you with a whip.
You die...

..............###.#
#..............#
#..........#########
#...................
#..........#########
#..........#
#..........# ##
(####..........# #.
(.g(()g@.......# #.
.####...r......# #
#..........#
#..........#
#..........#
#..........#
.#######.... .. ...


You could see 2 gnolls and a rat.

Vanquished Creatures
  2 gnolls (D:2)
  An ooze (D:1)
  A leopard gecko (D:2)
  A giant cockroach (D:1)
  2 goblins (D:1)
  7 hobgoblins (D:1)
  2 kobolds (D:1)
  2 frilled lizards (D:2)
  5 rats
23 creatures vanquished.

Notes
Turn   | Place    | Note
-------+----------+-------------------------------------------
     0 | D:1      | Hebeh the Deep Elf Fire Elementalist began the quest for the Orb.
     0 | D:1      | Reached XP level 1. HP: 10/10 MP: 6/6
   117 | D:1      | Reached XP level 2. HP: 15/15 MP: 6/8
  1138 | D:2      | Reached XP level 3. HP: 6/19 MP: 5/10
  1147 | D:2      | Slain by a gnoll

Vault maps used:
D:1:      sevenhm_arrival_forest_fort_small_4, kennysheep_flooded_box
D:2:      kennysheep_generic_room_10, uniq_robin

Skill      XL: |  1  2 |
---------------+-------+-----
Conjurations   | 2 |  2.8
Dodging        | |  2.4
Stealth        | |  2.4
Spellcasting   | |  3.7
Fire Magic     | |  3.7

Action                   || total
-------------------------++-------
Melee: Unarmed           ||     1
       Dagger            ||     3
Throw: Stone             ||    23
       Tomahawk          ||    10
 Cast: Flame Tongue      ||    36
  Eat: Chunk             ||     1
Armor: Robe              ||     3
Dodge: Dodged            ||    14

Table legend:
 A = Spawn XP
 B = Non-spawn XP
 C = Spawn XP percentage of total XP
 D = Spawn monster count
 E = Non-spawn monster count
 F = Spawn count percentage of total count
 G = Total turns spent on level
                    A         B        C        D         E        F      G
               +---------+---------+-------+---------+---------+-------+---------
         Total |       0 |      69 |   0.0 |       0 |      23 |   0.0 |  1147
               +---------+---------+-------+---------+---------+-------+---------
           D:1 |       0 |      33 |   0.0 |       0 |      15 |   0.0 |  1006
           D:2 |       0 |      36 |   0.0 |       0 |       8 |   0.0 |   141
               +---------+---------+-------+---------+---------+-------+---------
